 Dungeon Crawl Stone Soup version 0.31-a0-664-g902f515a81 (webtiles) character file.

Game seed: 18110858565399404481

9740 arthad the Blocker (level 11, 0/126 HPs)
             Began as a Gnoll Wanderer on Sept 2, 2023.
             Was an Initiate of Gozag.
             Succumbed to a green ugly thing's poison
             ... on level 11 of the Dungeon.
             The game lasted 00:27:06 (12401 turns).

arthad the Blocker (Gnoll Wanderer)                Turns: 12401, Time: 00:27:06

Health: 0/126      AC: 25    Str: 14 (15) XL:     11   Next: 51%
Magic:  20/20      EV:  2    Int: 13 (15) God:    Gozag
Gold:   1452       SH: 17    Dex: 15      Spells: 23/23 levels left

rFire   + . .        h - +3 long sword
rCold   + . .        S - +0 kite shield
rNeg    . . .        w - melded +3 ring mail
rPois   +            i - melded +1 helmet
rElec   +            y - melded scarf {rC+ rF+}
rCorr   +            O - melded +0 pair of gloves
SInv    .            c - melded +0 pair of boots
Will    .....        t - amulet of reflection
Stlth   ++++         q - +6 ring of intelligence
HPRegen 0.41/turn    (no ring)
MPRegen 0.17/turn

%: reflection
@: mighty, lethally poisoned (0 -> -11), tree-form, resistant
A: stationary, stasis, torment immunity, boosted hp, (fangs 1), strong nose,
distributed training
a: End Transformation, Renounce Religion, Potion Petition, Call Merchant, Bribe
Branch


You were on level 11 of the Dungeon.
You worshipped Gozag.
Gozag was most pleased with you.
You were a tree.
You visited 2 branches of the dungeon, and saw 12 of its levels.
You also visited: Ossuary.

You collected 2046 gold pieces.
You paid 594 gold pieces to Gozag.

Inventory:

Hand Weapons
 a - a +0 falchion
 h - a +3 long sword (weapon)
 o - the +5 dagger "Noeteil" {heavy, +Blink Will+}
   (You found it on level 2 of the Dungeon)

   Will+:     It increases your willpower.
   +Blink:    It lets you blink.
 v - a +1 broad axe of flaming
 C - a +4 war axe
 E - a +1 rapier of draining
 J - a +0 war axe of flaming
 K - the +7 arbalest of a Billion Defenders {speed, rC+ Dex+4}
   (You found it on level 6 of the Dungeon)

   Dex+4:     It affects your dexterity (+4).
   rC+:       It protects you from cold.
Missiles
 k - 11 boomerangs
 n - 2 silver javelins
 p - 56 poisoned darts
 L - 5 curare-tipped darts
 N - 3 atropa-tipped darts
 R - 5 javelins (quivered)
Armour
 b - a +2 buckler
 c - a +0 pair of boots (melded)
 e - a +0 leather armour
 i - a +1 helmet (melded)
 m - a +2 robe
 w - a +3 ring mail (melded)
 y - a scarf of resistance (melded)
 B - +0 acid dragon scales
 F - a +0 cloak of stealth
 H - the +5 leather armour of the Gloaming {Harm rPois}
   (You found it on level 6 of the Dungeon)

   rPois:     It protects you from poison Harm: It increases damage dealt and
   taken.
 O - a +0 pair of gloves (melded)
 S - a +0 kite shield (worn)
Jewellery
 q - a +6 ring of intelligence (left branch)
 t - an amulet of reflection (around neck)
 Q - an amulet of guardian spirit
 V - a +4 ring of protection
Wands
 j - a wand of polymorph (10)
 u - a wand of quicksilver (1)
 z - a wand of iceblast (2)
 T - a wand of flame (7)
Scrolls
 d - a scroll of silence
 f - a scroll of teleportation
 g - a scroll of noise
 l - 3 scrolls of blinking
 x - a scroll of vulnerability
 A - a scroll of fear
 D - a scroll of brand weapon
 G - 2 scrolls of revelation
 I - 2 scrolls of enchant armour
 P - a scroll of poison
 U - 2 scrolls of identify
Potions
 s - a potion of attraction
 M - 2 potions of cancellation


   Skills:
 + Level 7.0 Fighting
 + Level 6.5 Short Blades
 + Level 7.0 Long Blades
 + Level 6.5 Axes
 + Level 6.5 Maces & Flails
 + Level 6.5 Polearms
 + Level 6.5 Staves
 + Level 6.5 Ranged Weapons
 + Level 6.5 Throwing
 + Level 6.5 Armour
 + Level 7.0 Dodging
 + Level 8.9 Stealth
 + Level 10.7 Shields
 + Level 6.5 Unarmed Combat
 + Level 6.5 Spellcasting
 + Level 5.3 Conjurations
 + Level 5.3 Hexes
 + Level 5.3 Summonings
 + Level 5.3 Necromancy
 + Level 5.3 Translocations
 + Level 5.3 Transmutations
 + Level 5.3 Fire Magic
 + Level 5.3 Ice Magic
 + Level 5.3 Air Magic
 + Level 5.3 Earth Magic
 + Level 5.3 Poison Magic
 + Level 7.1 Invocations
 + Level 6.5 Evocations
 + Level 5.9 Shapeshifting


You had 23 spell levels left.
You didn't know any spells.
Your spell library contained the following spells:

 Spells                   Type           Power      Damage    Failure   Level
 Apportation              Tloc           36%        N/A       4%          1
 Kiss of Death            Conj/Necr      72%        2d10      4%          1
 Necrotise                Necr           72%        1d7       4%          1
 Confusing Touch          Hex            18%        N/A       12%         3
 Vampiric Draining        Necr           18%        2d7       12%         3
 Volatile Blastmotes      Fire/Tloc      36%        2d13      12%         3
 Dispel Undead            Necr           18%        3d11      36%         4
 Fulminant Prism          Conj/Hex       9%         3d6       36%         4
 Iskenderun's Mystic Bla  Conj/Tloc      18%        2d6       36%         4
 Agony                    Necr           18%        N/A       73%         5
 Alistair's Intoxication  Tmut/Pois      12%        N/A       73%         5
 Iskenderun's Battlesphe  Conj           18%        2d7       73%         5
 Leda's Unmaking          Conj/Erth      9%         9d2       99%         6
 Spellforged Servitor     Conj/Summ      9%         N/A       100%        7


Dungeon Overview and Level Annotations

Branches:
Dungeon (11/15)            Temple (1/1) D:4            Lair (0/5) D:10
Ossuary (visited)
    Orc: D:9-12

Altars:
Ashenzari
Cheibriados
Dithmenos
Elyvilon
Fedhas
Gozag
Hepliaklqana
Kikubaaqudgha
Makhleb
Nemelex Xobeh
Okawaru
Qazlal
Ru
Sif Muna
Trog
Uskayaw
Vehumet
Wu Jian
Xom
Yredelemnul
Zin
The Shining One


Innate Abilities, Weirdness & Mutations

You are a tree.
Your roots penetrate the ground, keeping you stationary.
You cannot be teleported.
You are immune to unholy pain and torment.
Your maximum health is greatly increased.
Your equipment is partially melded.
((You have very sharp teeth.))
Your uncanny sense of smell can sniff out nearby items.
Your experience applies equally to all skills.


Message History

You feel extremely sick.
The green ugly thing tentacle-slaps you but does no damage. [a] - 442 gold - resistance, lignification and might [b] - 280 gold - resistance [c] - 459 gold - lignification, might and resistance Purchase which effect?
You feel protected.
You turn into a tree.
Your scarf of resistance melds into your body.
Your +1 helmet melds into your body.
Your +0 pair of gloves melds into your body.
Your +0 pair of boots melds into your body.
Your +3 ring mail melds into your body.
You feel hot and cold all over.
Your roots penetrate the ground.
You feel very mighty all of a sudden.
* * * LOW HITPOINT WARNING * * *
You feel extremely sick.
You block the green ugly thing's attack.
You slash the green ugly thing!
The green ugly thing is heavily wounded.
* * * LOW HITPOINT WARNING * * *
You feel extremely sick.
The green ugly thing tentacle-slaps you.
* * * LOW HITPOINT WARNING * * *
You barely miss the green ugly thing.
The green ugly thing is heavily wounded.
* * * LOW HITPOINT WARNING * * *
You feel extremely sick.
You block the green ugly thing's attack.
You hit the green ugly thing.
The green ugly thing is heavily wounded.
* * * LOW HITPOINT WARNING * * *
You feel very sick.
The green ugly thing tentacle-slaps you but does no damage.
The green ugly thing tentacle-slaps you!
* * * LOW HITPOINT WARNING * * *
You closely miss the green ugly thing.
The green ugly thing is heavily wounded.
You die...
Your body crumbles into a pile of gold.

#.......# ∆
#.......# #.......#
####.......#
#..........#
#..........# #####
#..........#
#<..####........#.#
###.#.♣u.....(..#.#
#.#.##........#.#
##.#.##........#.#
#..#.##........#+#
#.##.##..........
#.##.#######......
#.##.# #.......
#....# #..?....
######


You could see a green ugly thing.

Vanquished Creatures
  3 two-headed ogres
  A cyclops (D:11)
  A manticore (D:10)
  4 kobold demonologists (D:9)
  2 trolls
  A hornet (D:8)
  Prince Ribbit (D:6)
  A shadow (D:6)
  Sigmund (D:2)
  Eustachio (D:6)
  2 steam dragons
  6 yaks
  2 acid dragons
  A water moccasin (D:9)
  A black bear (D:3)
  3 ice beasts
  2 sky beasts (D:7)
  4 orc warriors
  2 centaurs
  A phantom (D:7)
  6 kobold brigands
  An elf zombie (Ossuary)
  3 bullfrogs
  Blork the orc (D:6)
  2 scorpions
  A gnoll sergeant (D:10)
  3 wights (D:8)
  7 killer bees
  An electric eel (D:8)
  3 howler monkeys
  4 hounds
  2 jellies
  4 orc priests
  A human zombie (Ossuary)
  Jessica (D:3)
  A sleepcap (D:7)
  3 iguanas
  3 orc wizards
  2 mummies (Ossuary)
  7 gnolls
  6 adders
  2 white imps (D:7)
  An ufetubus (D:6)
  2 worms
  2 dart slugs
  30 orcs
  8 ball pythons
  4 bats
  6 endoplasms
  3 giant cockroaches
  10 goblins
  7 hobgoblins
  13 jackals
  4 quokkas
  5 frilled lizards
  4 gnoll zombies (Ossuary)
  3 goblin zombies (Ossuary)
  2 hobgoblin zombies (Ossuary)
  37 kobolds
  3 orc zombies (Ossuary)
  6 rats
254 creatures vanquished.

Vanquished Creatures (others)
  2 kobolds (D:9)
2 creatures vanquished.

Grand Total: 256 creatures vanquished

Notes
Turn   | Place    | Note
-------+----------+-------------------------------------------
     0 | D:1      | arthad the Gnoll Wanderer began the quest for the Orb.
     0 | D:1      | arthad set off with the following items: a +0 falchion, a
                  | +2 buckler, a +0 pair of boots, a scroll of silence, a +0
                  | leather armour.
     0 | D:1      | Reached XP level 1. HP: 17/17 MP: 1/1
   172 | D:1      | Reached XP level 2. HP: 23/23 MP: 2/2
   424 | D:1      | Reached XP level 3. HP: 25/28 MP: 3/3
   600 | D:1      | Reached skill level 1 in Invocations
   853 | D:2      | Noticed Sigmund
   875 | D:2      | Killed Sigmund
   876 | D:2      | Reached skill level 1 in Short Blades
   876 | D:2      | Reached skill level 1 in Axes
   876 | D:2      | Reached skill level 1 in Maces & Flails
   876 | D:2      | Reached skill level 1 in Polearms
   876 | D:2      | Reached skill level 1 in Staves
   876 | D:2      | Reached skill level 1 in Ranged Weapons
   876 | D:2      | Reached skill level 1 in Throwing
   876 | D:2      | Reached skill level 1 in Armour
   876 | D:2      | Reached skill level 1 in Unarmed Combat
   876 | D:2      | Reached skill level 1 in Spellcasting
   876 | D:2      | Reached skill level 1 in Conjurations
   876 | D:2      | Reached skill level 1 in Hexes
   876 | D:2      | Reached skill level 1 in Summonings
   876 | D:2      | Reached skill level 1 in Necromancy
   876 | D:2      | Reached skill level 1 in Translocations
   876 | D:2      | Reached skill level 1 in Transmutations
   876 | D:2      | Reached skill level 1 in Fire Magic
   876 | D:2      | Reached skill level 1 in Ice Magic
   876 | D:2      | Reached skill level 1 in Air Magic
   876 | D:2      | Reached skill level 1 in Earth Magic
   876 | D:2      | Reached skill level 1 in Poison Magic
   876 | D:2      | Reached skill level 1 in Evocations
   876 | D:2      | Reached skill level 1 in Shapeshifting
   876 | D:2      | Reached XP level 4. HP: 24/35 MP: 4/6
   876 | D:2      | Reached XP level 5. HP: 29/41 MP: 4/7
  1185 | D:2      | Identified the +5 dagger "Noeteil" {heavy, +Blink Will+}
  1234 | D:2      | Reached XP level 6. HP: 47/47 MP: 8/8
  2235 | D:3      | Noticed Jessica
  2237 | D:3      | Killed Jessica
  2853 | D:4      | Noticed a black bear
  2871 | D:3      | Killed a black bear
  2872 | D:3      | Reached XP level 7. HP: 18/52 MP: 10/10
  2909 | D:4      | Found a sand-covered staircase.
  2993 | Ossuary  | Entered an ossuary
  3168 | Ossuary  | Reached skill level 9 in Shields
  3345 | D:4      | Found a snail-covered altar of Cheibriados.
  3557 | D:4      | Found a staircase to the Ecumenical Temple.
  3575 | Temple   | Entered the Ecumenical Temple
  3590 | Temple   | Became a worshipper of Gozag Ym Sagoz the Greedy
  3771 | D:5      | Entered Level 5 of the Dungeon
  3791 | D:5      | Found a radiant altar of Vehumet.
  4012 | D:5      | Found a shadowy altar of Dithmenos.
  4261 | D:5      | Reached XP level 8. HP: 24/60 MP: 12/12
  4842 | D:6      | Noticed a shadow
  5010 | D:6      | Noticed Prince Ribbit
  5032 | D:6      | Noticed Blork the orc
  5054 | D:6      | Killed Prince Ribbit
  5071 | D:6      | Killed Blork the orc
  5229 | D:6      | Killed a shadow
  5282 | D:6      | Noticed Eustachio
  5330 | D:6      | Killed Eustachio
  5331 | D:6      | Reached XP level 9. HP: 21/66 MP: 14/14
  5495 | D:6      | Identified the +5 leather armour of the Gloaming {Harm
                  | rPois}
  5715 | D:6      | Found an iron altar of Okawaru.
  5747 | D:6      | Identified the +7 arbalest of a Billion Defenders {speed,
                  | rC+ Dex+4}
  5770 | D:6      | Found a white marble altar of Elyvilon.
  6055 | D:7      | Reached skill level 5 in Fighting
  6055 | D:7      | Reached skill level 5 in Long Blades
  6055 | D:7      | Reached skill level 5 in Dodging
  6655 | D:7      | Noticed Maggie
  6671 | D:7      | Maggie changed into Maggie the acid dragon
  6671 | D:7      | Noticed Maggie
  6679 | D:7      | Killed Maggie the acid dragon
  7034 | D:7      | Reached skill level 5 in Invocations
  7688 | D:8      | Noticed a hornet
  7701 | D:8      | Killed a hornet
  7796 | D:8      | Reached XP level 10. HP: 70/75 MP: 17/17
  7940 | D:8      | Reached skill level 5 in Short Blades
  7940 | D:8      | Reached skill level 5 in Axes
  7940 | D:8      | Reached skill level 5 in Maces & Flails
  7940 | D:8      | Reached skill level 5 in Polearms
  7940 | D:8      | Reached skill level 5 in Staves
  7940 | D:8      | Reached skill level 5 in Ranged Weapons
  7940 | D:8      | Reached skill level 5 in Throwing
  7940 | D:8      | Reached skill level 5 in Armour
  7940 | D:8      | Reached skill level 5 in Unarmed Combat
  7940 | D:8      | Reached skill level 5 in Spellcasting
  7940 | D:8      | Reached skill level 5 in Evocations
  7944 | D:8      | Reached skill level 10 in Shields
  8872 | D:9      | Noticed a kobold demonologist
  8874 | D:9      | Noticed a kobold demonologist
  8875 | D:9      | Noticed a kobold demonologist
  8880 | D:9      | Found a stormy altar of Qazlal.
  8892 | D:9      | Killed a kobold demonologist
  8893 | D:9      | Noticed a sun demon
  8893 | D:9      | Noticed a kobold demonologist
  8894 | D:9      | Killed a kobold demonologist
  8975 | D:9      | Noticed an orange demon
  8981 | D:9      | Killed a kobold demonologist
  8982 | D:9      | Reached skill level 5 in Shapeshifting
  9038 | D:9      | Noticed a rust devil
  9045 | D:9      | Killed a kobold demonologist
  9190 | D:9      | Found a bloodstained altar of Trog.
  9191 | D:9      | Found a glowing golden altar of the Shining One.
  9258 | D:9      | Noticed a two-headed ogre
  9269 | D:9      | Killed a two-headed ogre
  9635 | D:9      | Reached XP level 11. HP: 55/83 MP: 19/19
 10111 | D:10     | Entered Level 10 of the Dungeon
 10121 | D:10     | Noticed a manticore
 10136 | D:10     | Killed a manticore
 10137 | D:10     | Reached skill level 5 in Conjurations
 10137 | D:10     | Reached skill level 5 in Hexes
 10137 | D:10     | Reached skill level 5 in Summonings
 10137 | D:10     | Reached skill level 5 in Necromancy
 10137 | D:10     | Reached skill level 5 in Translocations
 10137 | D:10     | Reached skill level 5 in Transmutations
 10137 | D:10     | Reached skill level 5 in Fire Magic
 10137 | D:10     | Reached skill level 5 in Ice Magic
 10137 | D:10     | Reached skill level 5 in Air Magic
 10137 | D:10     | Reached skill level 5 in Earth Magic
 10137 | D:10     | Reached skill level 5 in Poison Magic
 10348 | D:9      | Identified a scroll of acquirement
 10349 | D:9      | Acquired a scarf of resistance
 10364 | D:10     | Found a staircase to the Lair.
 10481 | D:10     | Noticed a two-headed ogre
 11451 | D:9      | Killed a two-headed ogre
 11879 | D:11     | Noticed a skeletal warrior
 12004 | D:11     | Noticed a skeletal warrior
 12086 | D:11     | Noticed a cyclops
 12103 | D:11     | Noticed a two-headed ogre
 12108 | D:11     | Killed a cyclops
 12112 | D:11     | HP: 1/83 [two-headed ogre/+0 giant spiked club (5)]
 12116 | D:11     | Killed a two-headed ogre
 12378 | D:11     | Noticed a green ugly thing
 12400 | D:11     | HP: 4/126 [green ugly thing (8)]
 12401 | D:11     | Succumbed to a green ugly thing's poison

Illustrated notes

Levels and vault maps discovered:
D:1:      elethiomel_arrival_infinity_welcomes_careful_drivers,
          layout_loops_cross
D:2:      layout_loops_ring, wad_woods_river_04, minmay_fractal_squares_5,
          uniq_sigmund
D:3:      layout_basic, due_unseen_surprise, uniq_jessica
D:4:      layout_cave_pools, cheibrodos_worm_habitat,
          minmay_temple_entry_purple_smoke,
          nicolae_ossuary_entry_false_entrances
D:5:      layout_gridville, pf_just_have_faith,
          nicolae_dithmenos_through_a_glass_darkly
D:6:      layout_cave_pools, okawaru_altar_gauntlet_db,
          nicolae_overflow_hidden_temple, minmay_misc_feat_hallway,
          serial_bayou_crossing, uniq_blork_the_orc, uniq_eustachio,
          uniq_prince_ribbit1
D:7:      layout_loops_ring, uniq_maggie
D:8:      layout_basic, nicolae_water_bricks
D:9:      layout_basic, grunt_qazlal_clouds, mainiacjoe_overflow_divided_tiny,
          serial_aquarium, aquarium_bridge_island_small
          [aquarium_subvault_small_open, aquarium_subvault_bridge,
          aquarium_subvault_bridge, aquarium_subvault_bridge,
          aquarium_subvault_bridge], aquarium_bridge_square
          [aquarium_subvault_window, aquarium_subvault_bridge,
          aquarium_subvault_wall, aquarium_subvault_balcony],
          aquarium_window_fake, aquarium_window_2, aquarium_window_fake,
          aquarium_view_2b, aquarium_view_2b, aquarium_pool_2
D:10:     layout_cross, lair_entry_dummy
D:11:     layout_basic, kennysheep_opposing_triangles
Temple:   dpeg_chambers_temple

Skill      XL: |  1  2  3  4  5  6  7  8  9 10 11 |
---------------+----------------------------------+-----
Stealth        | 6 7 8 |  8.9
Invocations    | 1 2 3 4 5 6 7 |  7.1
Fighting       | 3 4 5 6 7 |  7.0
Short Blades   | 1 2 3 4 5 6 |  6.5
Long Blades    | 3 4 5 6 7 |  7.0
Axes           | 1 2 3 4 5 6 |  6.5
Maces & Flails | 1 2 3 4 5 6 |  6.5
Polearms       | 1 2 3 4 5 6 |  6.5
Staves         | 1 2 3 4 5 6 |  6.5
Ranged Weapons | 1 2 3 4 5 6 |  6.5
Throwing       | 1 2 3 4 5 6 |  6.5
Armour         | 1 2 3 4 5 6 |  6.5
Dodging        | 3 4 5 6 7 |  7.0
Unarmed Combat | 1 2 3 4 5 6 |  6.5
Spellcasting   | 1 2 3 4 5 6 |  6.5
Conjurations   | 1 2 3 4 5 |  5.3
Hexes          | 1 2 3 4 5 |  5.3
Summonings     | 1 2 3 4 5 |  5.3
Necromancy     | 1 2 3 4 5 |  5.3
Translocations | 1 2 3 4 5 |  5.3
Transmutations | 1 2 3 4 5 |  5.3
Fire Magic     | 1 2 3 4 5 |  5.3
Ice Magic      | 1 2 3 4 5 |  5.3
Air Magic      | 1 2 3 4 5 |  5.3
Earth Magic    | 1 2 3 4 5 |  5.3
Poison Magic   | 1 2 3 4 5 |  5.3
Evocations     | 1 2 3 4 5 6 |  6.5
Shapeshifting  | 1 2 3 4 5 |  5.9
Shields        | 9 10 | 10.7

Action                     |  1- 3 |  4- 6 |  7- 9 | 10-12 || total
---------------------------+-------+-------+-------+-------++-------
  Melee: Falchion          |    94 |   231 |   564 |       ||   889
         Bite              |     7 |    39 |    66 |    38 ||   150
         Unarmed           |       |       |     4 |       ||     4
         Long sword        |       |       |    74 |   330 ||   404
  Throw: Javelin           |     4 |     7 |    16 |    31 ||    58
         Dart              |       |       |     3 |     9 ||    12
 Invoke: Potion Petition   |       |       |       |     1 ||     1
  Evoke: Wand              |       |     5 |     8 |     5 ||    18
    Use: Potion            |     1 |     1 |     8 |     3 ||    13
         Scroll            |       |     8 |     2 |    10 ||    20
   Stab: Sleeping          |     6 |    10 |    12 |     1 ||    29
         Paralysed         |       |     2 |     6 |       ||     8
         Distracted        |       |       |     2 |     2 ||     4
 Armour: Leather armour    |    64 |       |       |       ||    64
         Skin              |     9 |       |    11 |     3 ||    23
         Robe              |       |    86 |    94 |       ||   180
         Ring mail         |       |       |   222 |   242 ||   464
  Dodge: Dodged            |    77 |    83 |   249 |   206 ||   615
  Block: Buckler           |    61 |    93 |   461 |   233 ||   848
         Reflection        |       |       |     5 |     8 ||    13
         Kite shield       |       |       |       |   113 ||   113

Table legend: (Time is in decaauts)
 A = Elapsed time spent in this place.
 B = Non-inter-level travel time spent in this place.
 C = Inter-level travel time spent in this place.
 D = Time resting spent in this place.
 E = Time spent auto-exploring this place.
 F = Levels seen in this place.
 G = Mean time per level.
                   A        B        C        D        E       F      G
               +--------+--------+--------+--------+--------+-----+--------+
         Total |  12654 |  12321 |    333 |   1641 |   7497 |  13 |  973.4 |
       Dungeon |  12321 |  12013 |    308 |   1641 |   7344 |  11 | 1120.1 |
        Temple |     28 |      3 |     25 |      0 |      0 |   1 |   28.0 |
       Ossuary |    304 |    304 |      0 |      0 |    153 |   1 |  304.0 |
               +--------+--------+--------+--------+--------+-----+--------+

Top non-repeatable levels by time:
     D:9: 2166 daAuts
     D:7: 1464 daAuts
     D:8: 1347 daAuts
     D:5: 1202 daAuts
     D:2: 1069 daAuts
     D:6: 970 daAuts
     D:4: 956 daAuts
    D:10: 950 daAuts
     D:1: 870 daAuts
    D:11: 664 daAuts
     D:3: 658 daAuts
 Ossuary: 304 daAuts
  Temple: 28 daAuts
